 Dungeon Crawl Stone Soup version 0.31.0-12-g77e489cdc1 (webtiles) character file.

Game seed: 6133179190745300294

74 PaiMei the Grave Robber (level 4, 0/30 HPs)
             Began as a Demonspawn Necromancer on Mar 4, 2024.
             Incinerated by a bombardier beetle (2 damage)
             ... with a burning spray
             ... on level 3 of the Dungeon.
             The game lasted 00:04:21 (2459 turns).

PaiMei the Grave Robber (Demonspawn Necromancer)    Turns: 2459, Time: 00:04:22

Health: 0/30       AC:  2    Str:  9    XL:     4   Next: 9%
Magic:  7/7        EV: 17    Int: 17    God:
Gold:   132        SH:  0    Dex: 13    Spells: 7/8 levels left

rFire   . . .        m - +2 short sword (elec)
rCold   . . .        (no shield)
rNeg    . . .        a - +0 robe
rPois   .            (no helmet)
rElec   .            (no cloak)
rCorr   .            (no gloves)
SInv    +            (no boots)
Will    .....        (no amulet)
Stlth   +            i - +5 ring of evasion
HPRegen 0.25/turn    o - ring of see invisible
MPRegen 0.10/turn

%: no passive effects
@: on fire, glowing
A: powered by death 1
a: no special abilities


You were on level 3 of the Dungeon.
You visited 1 branch of the dungeon, and saw 3 of its levels.

You collected 132 gold pieces.

Inventory:

Hand Weapons
 m - a +2 short sword of electrocution (weapon)
Armour
 a - a +0 robe (worn)
Jewellery
 i - a +5 ring of evasion (left hand)
 o - a ring of see invisible (right hand)
Scrolls
 c - 3 scrolls of identify {unknown}
 d - a scroll of poison {unknown}
 e - 2 scrolls of teleportation {unknown}
 h - a scroll of fog {unknown}
Potions
 b - a potion of magic
 g - 2 potions of attraction {unknown}
 k - a potion of mutation {unknown}
 l - a potion of heal wounds {unknown}
 n - a potion of degeneration {unknown}


   Skills:
 + Level 2.5 Dodging
 + Level 2.6 Stealth
 + Level 2.6 Spellcasting
 + Level 4.9 Necromancy


You had 7 spell levels left.
You knew the following spells:

 Your Spells              Type           Power      Damage    Failure   Level
a - Necrotise             Necr           72%        1d7       2%          1

Your spell library contained the following spells:

 Spells                   Type           Power      Damage    Failure   Level
 Vampiric Draining        Necr           18%        2d7       7%          3
 Animate Dead             Necr           18%        N/A       24%         4
 Ozocubu's Armour         Ice            2%         N/A       50%         3
 Curse of Agony           Necr           18%        N/A       54%         5
 Metabolic Englaciation   Hex/Ice        1%         N/A       99%         5
 Sculpt Simulacrum        Ice/Alch       1%         N/A       100%        6


Dungeon Overview and Level Annotations

Branches:
Dungeon (3/15)

Altars:
Dithmenos

Shops:
D:1 [   D:3 *


Innate Abilities, Weirdness & Mutations

You regenerate a little health from kills.


Message History

The liquid fire burns you! The rat completely misses you.
Casting: Necrotise (safe; 2% risk of failure)
Confirm with . or Enter, or press ? or * to list all spells.
You don't know that spell.
You hit the bombardier beetle but do no damage.
The bombardier beetle is heavily wounded.
The liquid fire burns you!
The bombardier beetle sprays incendiary fluid at you.
The burning spray hits you.
You are even more covered in liquid fire!
The rat misses you.
Casting: Necrotise (safe; 2% risk of failure)
Confirm with . or Enter, or press ? or * to list all spells.
You don't know that spell.
You hit the bombardier beetle.
The bombardier beetle is severely wounded.
The liquid fire burns you!
* * * LOW HITPOINT WARNING * * *
The bombardier beetle sprays incendiary fluid at you.
The burning spray hits you.
You are even more covered in liquid fire!
The rat bites you.
* * * LOW HITPOINT WARNING * * *
Casting: Necrotise (safe; 2% risk of failure)
Confirm with . or Enter, or press ? or * to list all spells.
You don't know that spell.
You barely miss the bombardier beetle.
The bombardier beetle is severely wounded.
The liquid fire burns you!
* * * LOW HITPOINT WARNING * * *
The rat misses you.
Casting: Necrotise (safe; 2% risk of failure)
Confirm with . or Enter, or press ? or * to list all spells.
You don't know that spell.
You hit the bombardier beetle.
Lightning courses through the bombardier beetle!
You kill the bombardier beetle!
The liquid fire burns you!
You die...

#.........
..........
##........#
..........
#........#
#........#
#####.r......#
#.....@†#
###.......#
#.........#
###.........#####
#.#..............
#.#............###
#................
###............#
#............#


You could see a rat.

Vanquished Creatures
  A bombardier beetle (D:3)
  An adder (D:2)
  A dart slug (D:1)
  3 ball pythons
  6 endoplasms
  3 giant cockroaches
  6 goblins (D:1)
  5 hobgoblins
  7 jackals
  9 kobolds
  3 quokkas
  3 bats
  2 frilled lizards
  3 rats
53 creatures vanquished.

Vanquished Creatures (collateral kills)
  A rat (D:1)
1 creature vanquished.

Grand Total: 54 creatures vanquished

Notes
Turn   | Place    | Note
-------+----------+-------------------------------------------
     0 | D:1      | PaiMei the Demonspawn Necromancer began the quest for the
                  | Orb.
     0 | D:1      | Reached XP level 1. HP: 13/13 MP: 3/3
   118 | D:1      | Found Uvvoceg's Armour Shop.
   317 | D:1      | Gained mutation: You regenerate a little health from kills.
                  | [demonic ancestry]
   317 | D:1      | Reached XP level 2. HP: 15/19 MP: 0/5
   670 | D:1      | Found a faded altar of an unknown god.
   765 | D:1      | Reached XP level 3. HP: 24/24 MP: 3/6
  2004 | D:2      | Reached XP level 4. HP: 27/30 MP: 2/7
  2257 | D:3      | Found a shadowy altar of Dithmenos.
  2395 | D:3      | Found Raatoant's Assorted Antiques.
  2459 | D:3      | Incinerated by a bombardier beetle

Illustrated notes

Levels and vault maps discovered:
D:1:      minmay_arrival_widening_spiral_wide, layout_basic,
          chequers_ecumenical_altar_simple, serial_shops, nicolae_shop_crystal,
          minmay_split_cup_small
D:2:      layout_loops_ring, minmay_misc_feat_secret_circle,
          minmay_misc_feat_square
D:3:      layout_basic, nicolae_dithmenos_the_darkroom,
          nicolae_uskayaw_suspiria, serial_shops, nicolae_shop_statue_plus,
          st_stairs_3, grunt_ministairs_8

Skill      XL: |  1 |
---------------+----+-----
Stealth        | 2 |  2.6
Dodging        | 2 |  2.5
Spellcasting   | |  2.6
Necromancy     | |  4.9

Action                     |  1- 3 |  4- 6 || total
---------------------------+-------+-------++-------
  Melee: Dagger            |    10 |       ||    10
         Unarmed           |     6 |       ||     6
         Mace              |    25 |       ||    25
         Short sword       |     7 |     6 ||    13
   Cast: Necrotise         |    79 |     9 ||    88
 Armour: Robe              |    61 |     1 ||    62
  Dodge: Dodged            |    55 |     5 ||    60
